[Event "Grandmaster Triathlon - Blitz (GM1)"]
[Site "Biel, Switzerland"]
[Date "2026.07.19"]
[Round "1.1"]
[White "Martinez Alcantara, Jose Eduardo"]
[Black "Suleymanli, Aydin"]
[Result "0-1"]
[TimeControl "3 min + 2 sec"]
[WhiteTitle "-"]
[BlackTitle "-"]
[WhiteFideId "3805662"]
[BlackFideId "13413937"]
[WhiteElo "2641"]
[BlackElo "2559"]

1. c4 Nf6 2. g3 e6 3. Bg2 d5 4. Nf3 dxc4 5. Qa4+ Bd7 6. Qxc4 c5 7. Ne5 Qc8 8. Qd3 Nc6 9. Nxd7 Nxd7 10. O-O Be7 11. Nc3 O-O 12. b3 Rd8 13. Qc2 Qc7 14. Bb2 Rac8 15. Rac1 Qa5 16. Rfd1 Bf6 17. Qb1 h6 18. d3 Rc7 19. Kf1 Nd4 20. Ne4 Be5 21. Nd2 Bf6 22.
Ne4 Be5 23. h4 Qb6 24. Bc3 Nb5 25. Bxe5 Nxe5 26. Qb2 Nd7 27. Rd2 Nd4 28. Kg1 Ne5 29. Rdd1 c4 30. e3 Nxd3 31. Rxd3 cxd3 32.
exd4 Qxd4 33. Qb1 Rxc1+ 34. Qxc1 d2 35. Qd1 Qb2 36. Bf3 Qxa2 37. Kg2 a5 38. Nc5 b5 39.
Bh5 Qb2 40. Ne4 Qd4 41. Bf3 a4 42. bxa4 bxa4 0-1

[Event "Grandmaster Triathlon - Blitz (GM1)"]
[Site "Biel, Switzerland"]
[Date "2026.07.19"]
[Round "1.2"]
[White "Le, Quang Liem"]
[Black "Erdogmus, Yagiz Kaan"]
[Result "1/2-1/2"]
[TimeControl "3 min + 2 sec"]
[WhiteTitle "-"]
[BlackTitle "-"]
[WhiteFideId "12401137"]
[BlackFideId "44599790"]
[WhiteElo "2690"]
[BlackElo "2546"]

1. d4 Nf6 2. Nf3 g6 3. c4 Bg7 4. g3 b6 5. Bg2 Bb7 6. d5 Na6 7. Nc3 Nc5 8.
O-O O-O 9. Re1 e6 10. e4 d6 11. Qc2 Re8 12. Be3 a5 13. Rad1 e5 14. a3 Ng4 15. Bg5 f6 16. Bc1 a4 17. h3 Nh6 18.
Be3 Qd7 19. Nb5 Nf7 20. Nd2 Ba6 21.
Bf1 f5 22. exf5 gxf5 23. Nf3 Bf6 24.
Kh2 Kh8 25. Nd2 Rg8 26. f4 Rg7 27.
Be2 Rag8 28. Rg1 Bc8 29. Rg2 Qe7 30. Rdg1 exf4 31. Bxf4 Ne5 32. Rf1 Bg5 33. Qc3 Bf6 34. Qe3 Re8 35. Nd4 Ng4+ 36.
hxg4 Qxe3 37. Bxe3 Rxe3 38. Nxf5 Bxf5 39. Rxf5 Bxb2 40. Nf3 Ne4 41. Bd1 Bxa3 42. Bxa4 Rxg4 43.
Bd7 Rg6 44. Be6 Rf6 45. Nh4 Bc5 46. Ra2 Ra3 47. Re2 Nxg3 48. Rxf6 Nxe2 49. Nf5 Ra8 50. Rf7 Nd4 51. Rxc7 Nf3+ 52. Kg3 Ne5 53. Nh6 Rf8 54. Nf7+ Nxf7 55. Rxf7 Rg8+ 56. Kf3 Ra8 57. Bf5 Kg8 58. Rxh7 Rf8 59. Rh5 Kg7 60. Kg4 Be3 61. Rh3 Bh6 62. Rb3 Rf7 63. Rxb6 Rf6 64. Rb7+ Kf8 65. Be6 Be3 66. Kh5 Rh6+ 67. Kg4 Rf6 68. Rc7 Rf4+ 69. Kg3 Rf6 70. Rc6 Ke7 71. Kg2 Rf4 72. Rc7+ Kf8 73. Kg3 Rf6 74. Kg4 Rf4+ 75. Kh5 Rf6 76. Rd7 Bf4 77. Kg4 Ke8 78. Rb7 Be3 79. Rb3 Bd2 80. Bf5 Rh6 81. Rb2 Bc3 82.
Rb6 Bd4 83. Ra6 Bc5 84. Kg5 Be3+ 85. Kg4 Rf6 86. Ra8+ Ke7 87. Rb8 Rh6 88. Rb7+ Kf6 89. Kf3 Bc5 90. Be6 Ke5 91. Rf7 1/2-1/2

[Event "Grandmaster Triathlon - Blitz (GM1)"]
[Site "Biel, Switzerland"]
[Date "2026.07.19"]
[Round "1.3"]
[White "Bluebaum, Matthias"]
[Black "Aronian, Levon"]
[Result "1/2-1/2"]
[TimeControl "3 min + 2 sec"]
[WhiteTitle "-"]
[BlackTitle "-"]
[WhiteFideId "24651516"]
[BlackFideId "13300474"]
[WhiteElo "2634"]
[BlackElo "2700"]

1. d4 d5 2. c4 c6 3. Nf3 Nf6 4. Nc3 dxc4 5. e4 b5 6.
Qc2 e6 7. Be2 Be7 8. O-O O-O 9. e5 Nd5 10. Ne4 h6 11. b3 Ba6 12. Bd2 Nd7 13. bxc4 bxc4 14. Bxc4 Bxc4 15. Qxc4 c5 16. dxc5 Rc8 17.
c6 Nb8 18. Nd4 Nb6 19. Qc3 Qd5 20.
Nf6+ gxf6 21. Bxh6 Qxe5 22. Rae1 Qh5 23. Re3 Nd5 24.
Rg3+ Kh7 25. Qd3+ Kxh6 26. Rh3 Qxh3 27.
Qxh3+ Kg7 28. Qg4+ Kh8 29. Qh5+ Kg7 30.
Qg4+ Kh8 31. Qh5+ Kg7 32. Qg4+ Kh8 1/2-1/2

[Event "Grandmaster Triathlon - Blitz (GM1)"]
[Site "Biel, Switzerland"]
[Date "2026.07.19"]
[Round "2.1"]
[White "Bluebaum, Matthias"]
[Black "Martinez Alcantara, Jose Eduardo"]
[Result "0-1"]
[TimeControl "3 min + 2 sec"]
[WhiteTitle "-"]
[BlackTitle "-"]
[WhiteFideId "24651516"]
[BlackFideId "3805662"]
[WhiteElo "2634"]
[BlackElo "2641"]

1. d4 Nf6 2. c4 d6 3. Nf3 g6 4.
Nc3 Bf5 5. Nh4 Bd7 6. e4 e5 7. Nf3 Nc6 8. d5 Ne7 9. c5 Bg7 10. cxd6 cxd6 11. Be2 O-O 12. O-O b5 13.
b4 a5 14. Rb1 Rc8 15. Bd2 a4 16. Bd3 Qb6 17. Qe2 Rb8 18. Rbc1 Qb7 19. Rc2 Rfc8 20. Rfc1 Nh5 21. g3 h6 22.
Nh4 Nf6 23. Ng2 Kh8 24. f3 Rf8 25. Ne3 Ne8 26. Kh1 f5 27. Ng2 Nf6 28. Nxb5 fxe4 29. fxe4 Bxb5 30. Rc7 Qb6 31. Rxe7 Bxd3 32. Qxd3 Ng4 33. Be3 Qxb4 34. Nh4 Rf2 35. h3 Nxe3 36. Qxe3 Qd4 37. Qxd4 exd4 38. Ng2 g5 39. Rcc7 Be5 40. Rh7+ Kg8 41. Rxh6 Rb1+ 42. Kh2 Rff1 43. Rg6+ Kf8 0-1

[Event "Grandmaster Triathlon - Blitz (GM1)"]
[Site "Biel, Switzerland"]
[Date "2026.07.19"]
[Round "2.2"]
[White "Erdogmus, Yagiz Kaan"]
[Black "Suleymanli, Aydin"]
[Result "1/2-1/2"]
[TimeControl "3 min + 2 sec"]
[WhiteTitle "-"]
[BlackTitle "-"]
[WhiteFideId "44599790"]
[BlackFideId "13413937"]
[WhiteElo "2546"]
[BlackElo "2559"]

1. e4 c6 2. Nc3 d5 3. Qf3 dxe4 4. Nxe4 Nd7 5. d4 Ndf6 6. c3 Bg4 7. Qf4 e6 8. Bd3 Bh5 9. Qh4 Be7 10. Ng3 Qd5 11. Nxh5 Nxh5 12.
Qh3 Bd6 13. Ne2 Nhf6 14. Nf4 Qa5 15. O-O Qc7 16. g3 O-O-O 17. a4 Ne7 18. a5 a6 19. Re1 Kb8 20. Bf1 h5 21. Nd3 h4 22. Qg2 hxg3 23. hxg3 Nf5 24. Ne5 Rh7 25. Nc4 Rdh8 26. Nxd6 Nxd6 27. Qf3 Rh5 28. Bg2 Rf5 29. Qe2 Rfh5 30.
Bf4 Nd5 31. Be5 f6 32. Bxd6 Qxd6 33. Qxe6 Qc7 34. Qg4 Ka7 35. c4 f5 36. Qf3 Nf6 37. d5 f4 38. dxc6 fxg3 39. Qxg3 Qxg3 40. fxg3 bxc6 41. Bxc6 Rc5 42. Bg2 Rxc4 43. Re7+ Kb8 44. Rxg7 Rg8 45. Rxg8+ Nxg8 46. Bd5 Rg4 47. Kf2 Nf6 48. Bf3 Rb4 49. Ra2 Kc7 50.
Be2 Rb3 51. Bxa6 Ne4+ 52. Ke2 Rxg3 53. Bc4 Kb8 54. Bd5 Nc5 55.
Kd2 Rd3+ 56. Kc2 Rxd5 57. Kc3 Na6 58. b4 Rh5 59. Rb2 Nc7 60. b5 Rxb5 61. Rxb5+ Nxb5+ 62. Kb4 Nc7 63. a6 Nxa6+ 1/2-1/2

[Event "Grandmaster Triathlon - Blitz (GM1)"]
[Site "Biel, Switzerland"]
[Date "2026.07.19"]
[Round "2.3"]
[White "Aronian, Levon"]
[Black "Le, Quang Liem"]
[Result "1-0"]
[TimeControl "3 min + 2 sec"]
[WhiteTitle "-"]
[BlackTitle "-"]
[WhiteFideId "13300474"]
[BlackFideId "12401137"]
[WhiteElo "2700"]
[BlackElo "2690"]

1. e4 e5 2. Bc4 Nf6 3. d3 Bc5 4. Nc3 c6 5. Qf3 d6 6.
Nge2 b5 7. Bb3 a5 8. a3 Be6 9. Bxe6 fxe6 10.
Qh3 Qe7 11. f4 O-O 12. g4 exf4 13. g5 Ne8 14. Nxf4 Nc7 15. Bd2 e5 16. g6 h6 17. Nh5 Qe6 18. Qxe6+ Nxe6 19. O-O-O b4 20. Na4 Bd4 21. Ng3 bxa3 22. bxa3 Nd7 23. Nf5 Ndc5 24. Nc3 Rf6 25. Rdf1 Ra7 26.
Nxh6+ Kf8 27. Rxf6+ gxf6 28. Nf5 Ng5 29. h4 Nf3 30. h5 Ne6 31. h6 1-0

[Event "Grandmaster Triathlon - Blitz (GM1)"]
[Site "Biel, Switzerland"]
[Date "2026.07.19"]
[Round "3.1"]
[White "Suleymanli, Aydin"]
[Black "Aronian, Levon"]
[Result "0-1"]
[TimeControl "3 min + 2 sec"]
[WhiteTitle "-"]
[BlackTitle "-"]
[WhiteFideId "13413937"]
[BlackFideId "13300474"]
[WhiteElo "2559"]
[BlackElo "2700"]

1. d4 d5 2. Nf3 Nf6 3. Bf4 c5 4.
e3 Nc6 5. Nbd2 Nh5 6. dxc5 Nxf4 7. exf4 g6 8. c4 Bg7 9.
cxd5 Qxd5 10. Bc4 Qxc5 11. O-O O-O 12. Qa4 Bxb2 13. Rab1 Bg7 14. Rb5 Qd6 15. g3 a6 16. Rb6 Qc5 17.
Rbb1 Qa5 18. Qb3 Bf5 19. Rbe1 Bh3 20. Bxf7+ Rxf7 21. Ng5 Raf8 22. Nxh3 Nd4 23. Qxb7 Qxd2 24. Ng5 Qxa2 25. Nxf7 Rxf7 26. Re3 e5 27. Qb8+ Rf8 28.
Qb4 exf4 29. gxf4 Qd5 30. Rc1 Nc2 31. Rxc2 Qd1+ 32. Re1 Qxc2 0-1

[Event "Grandmaster Triathlon - Blitz (GM1)"]
[Site "Biel, Switzerland"]
[Date "2026.07.19"]
[Round "3.2"]
[White "Martinez Alcantara, Jose Eduardo"]
[Black "Erdogmus, Yagiz Kaan"]
[Result "0-1"]
[TimeControl "3 min + 2 sec"]
[WhiteTitle "-"]
[BlackTitle "-"]
[WhiteFideId "3805662"]
[BlackFideId "44599790"]
[WhiteElo "2641"]
[BlackElo "2546"]

1. e4 Nc6 2. Nf3 d5 3. exd5 Qxd5 4.
Nc3 Qd6 5. h3 Bf5 6. d3 e5 7.
g3 O-O-O 8. Bg2 Qd7 9. Be3 Nf6 10. Nd2 Nd4 11. Bxd4 exd4 12. Nce4 Re8 13. Qf3 Nxe4 14. Nxe4 Bb4+ 15. Kf1 c6 16. a3 Be7 17. Qf4 f6 18. h4 Be6 19.
Re1 h5 20. Qd2 Kb8 21. b4 Bd5 22. Qd1 Qc7 23. Nd2 Bf7 24. Bf3 a5 25. bxa5 Qxa5 26. Kg2 Bxa3 27. Rxe8+ Rxe8 28. Nc4 Bxc4 29. dxc4 Qc3 30. Bxh5 Re5 31. Be2 Bf8 32. Bd3 Qa5 33. Qf3 Qd8 34. Rb1 Kc7 35. Qf4 Qd6 36. Qg4 Qd8 37. Ra1 Kb6 38. Qf4 Bc5 39. Qd2 Kc7 40. Qf4 Qe8 41. Qg4 Re7 42. Rb1 Qd8 43. Bf5 Qd6 44. Qf3 Qe5 45. Bd3 Bd6 46.
Ra1 Kb8 47. Rb1 Kc7 48. Rb2 Qa5 49.
Qg4 Qa1 50. Rb3 Bc5 51. Bf5 Qe1 52. Qf4+ Qe5 53. Qf3 Bd6 54. Bd3 Qc5 55. Rb1 Qa5 56. h5 Qg5 57. Rh1 Qd2 58. Rh4 Re3 59. Qf5 Rxg3+ 0-1

[Event "Grandmaster Triathlon - Blitz (GM1)"]
[Site "Biel, Switzerland"]
[Date "2026.07.19"]
[Round "3.3"]
[White "Le, Quang Liem"]
[Black "Bluebaum, Matthias"]
[Result "1/2-1/2"]
[TimeControl "3 min + 2 sec"]
[WhiteTitle "-"]
[BlackTitle "-"]
[WhiteFideId "12401137"]
[BlackFideId "24651516"]
[WhiteElo "2690"]
[BlackElo "2634"]

1. c4 e6 2. Nc3 d5 3. d4 Bb4 4. a3 Bxc3+ 5. bxc3 Nf6 6. cxd5 exd5 7. e3 c5 8. Bd3 Bg4 9. Ne2 Nc6 10. O-O O-O 11. f3 Bh5 12. Ng3 Bg6 13.
Ra2 Qa5 14. Rc2 Rfe8 15. Kh1 Rac8 16. h3 Qa4 17. Bf5 Ne7 18. Bxg6 hxg6 19. Rb2 Qxd1 20. Rxd1 b6 21. e4 cxd4 22.
cxd4 Rc4 23. e5 Nd7 24. Ne2 Rec8 25. Kg1 Nf8 26. Kf2 Ne6 27. Be3 g5 28. g4 Ng6 29. Rb5 Rc2 30. Rd2 Rxd2 31.
Bxd2 Rc2 32. Ke1 Ne7 33. Kd1 Rc4 34.
Rb4 Rxb4 35. Bxb4 Nc6 36. Bc3 b5 37. Kd2 a5 38. Kd3 f6 39. exf6 gxf6 40. Be1 b4 41. axb4 axb4 42. h4 gxh4 43. Bxh4 Kf7 44. Be1 Kg6 45. Bd2 f5 46. gxf5+ Kxf5 47. Ng3+ Kg6 48. Be3 Ne7 49. Ne2 Nc6 50.
Bd2 Kf5 51. Bc1 Kg6 52. Be3 Kf5 53. Ng3+ Kg6 54. Ne2 Kf5 55. Ng3+ 1/2-1/2

[Event "Grandmaster Triathlon - Blitz (GM1)"]
[Site "Biel, Switzerland"]
[Date "2026.07.19"]
[Round "4.1"]
[White "Martinez Alcantara, Jose Eduardo"]
[Black "Aronian, Levon"]
[Result "0-1"]
[TimeControl "3 min + 2 sec"]
[WhiteTitle "-"]
[BlackTitle "-"]
[WhiteFideId "3805662"]
[BlackFideId "13300474"]
[WhiteElo "2641"]
[BlackElo "2700"]

1. e4 e5 2. Nf3 Nf6 3. Nc3 d6 4.
Bc4 Be7 5. d3 c6 6. a3 Nbd7 7. Ba2 h6 8. Be3 Nf8 9. d4 Qc7 10. Qd3 Be6 11. d5 Bd7 12. h3 c5 13. a4 Ng6 14.
g3 O-O 15. Bc4 Qc8 16. Ng1 a6 17. a5 Ne8 18. h4 f5 19. h5 Nh8 20. Nge2 Nf7 21. f3 Ng5 22. Bxg5 Bxg5 23. f4 exf4 24. gxf4 fxe4 25. Nxe4 Bxf4 26. Nxf4 Rxf4 27. Qe3 Rf5 28. O-O-O Qd8 29. Rhg1 Qh4 30. Kb1 Re5 31. Bd3 Bf5 32. Qg3 Qxg3 33. Nxg3 Bxd3 34. Rxd3 Nf6 35. c4 Rae8 36.
Rb3 R8e7 37. Rb6 Rg5 38. Rxd6 Nxh5 39. Rd8+ Kh7 40. d6 Rxg3 41. Rh1 Re5 42. d7 Rd3 43. Re8 Rxd7 44. Rxe5 Nf4 45. Rxc5 Rf7 46. Re5 h5 47. b4 Kh6 48. Rd1 h4 49. b5 h3 50. b6 g5 51. Re8 g4 52. Rg8 Ng6 53. Rc8 g3 54. Rc7 Rf2 55.
Rxb7 g2 56. Rbd7 Rf1 57. b7 g1=Q 58. Rxf1 Qxf1+ 59. Kc2 0-1

[Event "Grandmaster Triathlon - Blitz (GM1)"]
[Site "Biel, Switzerland"]
[Date "2026.07.19"]
[Round "4.2"]
[White "Erdogmus, Yagiz Kaan"]
[Black "Bluebaum, Matthias"]
[Result "1-0"]
[TimeControl "3 min + 2 sec"]
[WhiteTitle "-"]
[BlackTitle "-"]
[WhiteFideId "44599790"]
[BlackFideId "24651516"]
[WhiteElo "2546"]
[BlackElo "2634"]

1. e4 e6 2. d4 d5 3. exd5 exd5 4. Bf4 Bd6 5.
Qd2 Nf6 6. Nc3 O-O 7. Bd3 c6 8. Nge2 a5 9. f3 Ne8 10.
O-O Na6 11. a3 Nac7 12. Bxd6 Nxd6 13. Ng3 Ne6 14. Nce2 Qh4 15. c3 f5 16. f4 Ne4 17.
Bxe4 fxe4 18. f5 Qg5 19. Qxg5 Nxg5 20.
c4 b6 21. cxd5 cxd5 22. Nf4 Ba6 23.
Rfc1 Bc4 24. h4 Nf7 25.
Ne6 Rfc8 26. Nh5 Nd6 27. Nexg7 Be2 28. f6 Kf7 29. Nf4 Bc4 30. Ngh5 Rg8 31. b3 b5 32. Rab1 Rab8 33. bxc4 dxc4 34. Nd5 Nf5 35. Re1 e3 36. Nxe3 Nxh4 37. Kf2 Rg5 38. Nf4 c3 39. Ned5 Nf5 40. Nxc3 Nxd4 41. Ncd5 Nf5 42. Rbc1 Rb7 43. Re5 b4 44. axb4 axb4 45. Ne6 Rg8 46. Rh1 h6 47. Nef4 Rg5 48. Rxh6 Rxg2+ 49. Kxg2 Nxh6 50. Rg5 Rb8 51.
Rg7+ 1-0

[Event "Grandmaster Triathlon - Blitz (GM1)"]
[Site "Biel, Switzerland"]
[Date "2026.07.19"]
[Round "4.3"]
[White "Suleymanli, Aydin"]
[Black "Le, Quang Liem"]
[Result "1-0"]
[TimeControl "3 min + 2 sec"]
[WhiteTitle "-"]
[BlackTitle "-"]
[WhiteFideId "13413937"]
[BlackFideId "12401137"]
[WhiteElo "2559"]
[BlackElo "2690"]

1. d4 d5 2. c4 e6 3. Nc3 Be7 4. Nf3 Nf6 5. cxd5 exd5 6.
Bf4 c6 7. h3 Bf5 8. g4 Bg6 9. Ne5 Nbd7 10. Nxg6 hxg6 11. Bg2 Nb6 12. Qb3 Bd6 13. Bg5 Qc7 14. Rc1 Bf4 15. Bxf4 Qxf4 16. e3 Qd6 17. a4 Rb8 18. a5 Nc4 19. Bf1 Nxa5 20.
Qa4 b6 21. b4 Nc4 22. b5 O-O 23. bxc6 Rfc8 24. g5 Ne8 25.
Bg2 Nc7 26. Nxd5 Nb2 27. Qb3 Nxd5 28. Qxd5 Nd3+ 29. Kd2 Qxd5 30. Bxd5 Nxc1 31. Rxc1 Rc7 32. f4 Kf8 33. Bg2 Ke7 34. e4 f6 35. e5 fxe5 36.
fxe5 Ke6 37. Ke3 Rh8 38.
Rf1 b5 39. Rf4 b4 40. Ke4 Rd8 41. Kd3 b3 42. Kc3 Rb8 43. Kb2 Rb6 44. Bf3 a5 45. Rf8 Rb4 46. d5+ Kxe5 47. Re8+ Kd6 48. Re6+ Kc5 49. d6 Rxc6 50.
d7 Rxe6 51. d8=Q Rbb6 52. Qc7+ Kd4 53.
Qc3# Kd5 1-0

[Event "Grandmaster Triathlon - Blitz (GM1)"]
[Site "Biel, Switzerland"]
[Date "2026.07.19"]
[Round "5.1"]
[White "Le, Quang Liem"]
[Black "Martinez Alcantara, Jose Eduardo"]
[Result "1-0"]
[TimeControl "3 min + 2 sec"]
[WhiteTitle "-"]
[BlackTitle "-"]
[WhiteFideId "12401137"]
[BlackFideId "3805662"]
[WhiteElo "2690"]
[BlackElo "2641"]

1. d4 Nf6 2. c4 d6 3. Nf3 g6 4. g3 Bg7 5. Bg2 Bf5 6. O-O O-O 7. Qb3 Bc8 8.
Nc3 Nc6 9. d5 Na5 10. Qa4 c5 11. dxc6 Nxc6 12. Rd1 Bd7 13. Qc2 Rc8 14. Be3 a6 15. h3 Qa5 16. a3 Qf5 17. Qxf5 Bxf5 18. Rac1 Na5 19. Nd2 Nxc4 20.
Nxc4 Rxc4 21. Bxb7 Rb8 22. Bxa6 Rc6 23. Bd3 Bxd3 24. exd3 Rxb2 25.
Nd5 Rxc1 26. Rxc1 Bf8 27. Nxf6+ exf6 28. Ra1 Rb5 29. a4 Ra5 30. Bd2 Ra6 31. a5 Be7 32. Rb1 d5 33. Bh6 Ra8 34. a6 Bf8 35. Bxf8 Kxf8 36. Rb6 f5 37. Kg2 Kg7 38. Kf3 d4 39.
Kf4 f6 40. Rb7+ Kh6 41. a7 1-0

[Event "Grandmaster Triathlon - Blitz (GM1)"]
[Site "Biel, Switzerland"]
[Date "2026.07.19"]
[Round "5.2"]
[White "Aronian, Levon"]
[Black "Erdogmus, Yagiz Kaan"]
[Result "0-1"]
[TimeControl "3 min + 2 sec"]
[WhiteTitle "-"]
[BlackTitle "-"]
[WhiteFideId "13300474"]
[BlackFideId "44599790"]
[WhiteElo "2700"]
[BlackElo "2546"]

1. e4 e5 2. Bc4 Nf6 3. d3 c6 4.
Ne2 d5 5. exd5 cxd5 6. Bb3 Nc6 7. Bg5 Be7 8. Nbc3 d4 9.
Bxf6 Bxf6 10. Ne4 Be7 11. f4 f5 12. Nd2 g6 13. O-O Kf8 14. Nf3 Bf6 15. Qd2 Kg7 16. fxe5 Nxe5 17. Nexd4 Nxf3+ 18. Nxf3 Bxb2 19. Rae1 Bf6 20. h4 h6 21. d4 Qd6 22.
c3 Bd7 23. h5 Rae8 24. hxg6 Bc6 25. Bc2 Qg3 26. Qf2 Qxg6 27.
Ne5 Bxe5 28. dxe5 Rhf8 29. Re3 Kh8 30. Rg3 Qe6 31.
Qf4 Rg8 32. Rf2 Rxg3 33. Qxg3 Rg8 34. Qh4 Rg5 35. Bb3 Qg6 36. Qh3 Rg3 37. Qxf5 Rxg2+ 38. Kf1 Rxf2+ 39. Qxf2 Qd3+ 40. Qe2 Qxc3 41. Qh5 Qf3+ 42. Qxf3 Bxf3 43. Kf2 Bc6 44. Kg3 Kg7 45. Kf4 Kg6 46. a3 b5 47. Bc2+ Kf7 48. Bb3+ Ke7 49. Kf5 Be8 50. Bc2 a5 51. Bd3 Bd7+ 52. Kf4 b4 53. axb4 axb4 54. Bc2 Be6 55. Kg3 b3 56. Bd3 b2 57. Kh4 Kf7 58. Bb1 Kg7 59. Kg3 Bf7 0-1

[Event "Grandmaster Triathlon - Blitz (GM1)"]
[Site "Biel, Switzerland"]
[Date "2026.07.19"]
[Round "5.3"]
[White "Bluebaum, Matthias"]
[Black "Suleymanli, Aydin"]
[Result "1/2-1/2"]
[TimeControl "3 min + 2 sec"]
[WhiteTitle "-"]
[BlackTitle "-"]
[WhiteFideId "24651516"]
[BlackFideId "13413937"]
[WhiteElo "2634"]
[BlackElo "2559"]

1. d4 Nf6 2. c4 e6 3. Nc3 Bb4 4. e3 O-O 5. Bd2 b6 6.
Nf3 Bb7 7. Bd3 c5 8. a3 Bxc3 9. Bxc3 d6 10. b4 Ne4 11. Bb2 f5 12. O-O Nd7 13. Nd2 Nxd2 14. Qxd2 Qe7 15. Rad1 Rad8 16.
Qe2 e5 17. dxc5 dxc5 18. b5 Qe6 19. Bc2 Nf6 20. f3 e4 21. f4 Bc8 22. h3 h6 23. Rxd8 Rxd8 24. Rd1 Qe7 25. Rxd8+ Qxd8 26. Qd1 Qe7 27. Qd2 Be6 28. Bb3 Kh7 29. a4 Qf7 30. Qc3 Kg6 31.
Qc2 Qd7 32. Be5 Qd3 33. Qxd3 exd3 34. Bxf6 Kxf6 35. Kf2 Bc8 36.
Bd1 Bb7 37. g3 Be4 38. Ke1 Bg2 39. h4 g6 40. Kd2 h5 41.
Kxd3 Be4+ 42. Kc3 Kf7 43. Bc2 Bxc2 44.
Kxc2 Kf6 45. Kd3 Ke6 46.
e4 Kf6 47. Ke3 Ke6 48. e5 Ke7 49. Kd3 Ke6 50. Kc3 Ke7 51. Kb3 Ke6 52. a5 Ke7 53.
a6 Ke6 54. Kc3 Ke7 55. Kb3 Ke6 56. Kc3 1/2-1/2

[Event "Grandmaster Triathlon - Blitz (GM1)"]
[Site "Biel, Switzerland"]
[Date "2026.07.19"]
[Round "6.1"]
[White "Suleymanli, Aydin"]
[Black "Martinez Alcantara, Jose Eduardo"]
[Result "1-0"]
[TimeControl "3 min + 2 sec"]
[WhiteTitle "-"]
[BlackTitle "-"]
[WhiteFideId "13413937"]
[BlackFideId "3805662"]
[WhiteElo "2559"]
[BlackElo "2641"]

1. d4 d5 2. Nf3 Nf6 3. Bf4 c5 4.
e3 e6 5. Nbd2 Qb6 6. Rb1 cxd4 7. exd4 Bd7 8. c4 dxc4 9. Nxc4 Qd8 10. a3 Bc6 11.
Nce5 Be7 12. Ng5 O-O 13. Bd3 Be8 14. h4 Nc6 15. Nef3 h6 16. Bc2 Qa5+ 17. Bd2 Qd5 18. Be3 Rd8 19.
Qd3 Qf5 20. Qxf5 exf5 21. Nh3 Bd7 22. Nf4 Bd6 23. O-O Rfe8 24. Rfe1 g6 25. Nd3 Ng4 26.
Bd2 Be6 27. Nf4 Bxf4 28. Bxf4 Bd5 29. Rxe8+ Rxe8 30. Rd1 Kg7 31. Bd3 a6 32. Ne5 Ngxe5 33. dxe5 Be6 34. Be2 Rc8 35. Bf3 Na5 36. b4 Nc6 37. Rd6 Rc7 38. Kh2 Rc8 39. Be3 Rc7 40. Bb6 Rc8 41. Bc5 g5 42. hxg5 hxg5 43. g3 Rh8+ 44. Kg1 Rc8 45. Rd1 b5 46. Bd6 Nb8 47. Bc5 Nd7 48.
Bb7 Rh8 49. Bd4 Rb8 50. Bxa6 Kg6 51. Rc1 f4 52. gxf4 gxf4 53. Rc8 Kf5 54. Rxb8 Nxb8 55. Bxb5 Ke4 56. Bc3 Bd5 57. Kf1 Nc6 58. Ke2 Nxe5 59. Bxe5 Kxe5 60. Kd3 Kf5 61. Bd7+ Ke5 62. a4 Kd6 63. Bb5 Ke5 64. a5 Bg2 65. Bc4 f6 66. b5 Kd6 67. Kd4 f5 68. Bd3 1-0

[Event "Grandmaster Triathlon - Blitz (GM1)"]
[Site "Biel, Switzerland"]
[Date "2026.07.19"]
[Round "6.2"]
[White "Erdogmus, Yagiz Kaan"]
[Black "Le, Quang Liem"]
[Result "1/2-1/2"]
[TimeControl "3 min + 2 sec"]
[WhiteTitle "-"]
[BlackTitle "-"]
[WhiteFideId "44599790"]
[BlackFideId "12401137"]
[WhiteElo "2546"]
[BlackElo "2690"]

1. e4 e5 2. Nf3 Nc6 3. Nc3 Nf6 4. a3 d5 5. Bb5 Nxe4 6. O-O Bd6 7. Nxd5 O-O 8.
d3 Nc5 9. h3 Be6 10. Bxc6 bxc6 11. Nc3 h6 12. Re1 Nd7 13.
d4 f6 14. dxe5 Nxe5 15. Bf4 Nxf3+ 16. Qxf3 Qd7 17. Rad1 Rfe8 18. Qg3 Bxf4 19. Qxf4 Qf7 20.
Qa4 Bf5 21. Qxc6 Bxc2 22. Rc1 Bb3 23. Re3 Rxe3 24. Qxa8+ Qe8 25. Qxa7 Re1+ 26. Rxe1 Qxe1+ 27. Kh2 Kh7 28. Qe3 Qa1 29. Qd2 Qf1 30. Kg3 Qc4 31. Qf4 Qc5 32. Ne4 Qc2 33. Qf5+ Kh8 34. Qc8+ Bg8 35. f3 Qxb2 36. Qf8 Qe5+ 37.
Kf2 Qd4+ 38. Kg3 Qe5+ 39. Kf2 Qd4+ 1/2-1/2

[Event "Grandmaster Triathlon - Blitz (GM1)"]
[Site "Biel, Switzerland"]
[Date "2026.07.19"]
[Round "6.3"]
[White "Aronian, Levon"]
[Black "Bluebaum, Matthias"]
[Result "1-0"]
[TimeControl "3 min + 2 sec"]
[WhiteTitle "-"]
[BlackTitle "-"]
[WhiteFideId "13300474"]
[BlackFideId "24651516"]
[WhiteElo "2700"]
[BlackElo "2634"]

1. c4 e6 2. Nc3 d5 3. d4 Bb4 4. Nf3 Nf6 5. e3 O-O 6. Bd2 Nbd7 7. Rc1 dxc4 8. Bxc4 b6 9. O-O Bb7 10. Qe2 a6 11. Rfd1 Qe7 12. a3 Bd6 13. e4 e5 14. Bg5 h6 15. Bh4 c6 16. dxe5 Nxe5 17. Nd4 Nxc4 18. Qxc4 Bf4 19. Ra1 c5 20.
Nf5 Qe6 21. Qxe6 fxe6 22. Nd6 Bc6 23.
Bg3 Bxg3 24. hxg3 Rad8 25. f3 b5 26. a4 b4 27. Ne2 Nd7 28. Nf4 Rf6 29. Nc4 g5 30. Nh5 Rff8 31. Rd6 Nb8 32. Rxe6 Be8 33. Nf6+ Kf7 34. Rb6 Rd4 35.
Nxe8 Nd7 36. Ned6+ Kg8 37. Rxa6 g4 38.
Rf1 1-0

[Event "Grandmaster Triathlon - Blitz (GM1)"]
[Site "Biel, Switzerland"]
[Date "2026.07.19"]
[Round "7.1"]
[White "Martinez Alcantara, Jose Eduardo"]
[Black "Bluebaum, Matthias"]
[Result "1-0"]
[TimeControl "3 min + 2 sec"]
[WhiteTitle "-"]
[BlackTitle "-"]
[WhiteFideId "3805662"]
[BlackFideId "24651516"]
[WhiteElo "2641"]
[BlackElo "2634"]

1. c4 e6 2. g3 d5 3. Bg2 Nf6 4. Nf3 Be7 5. d4 O-O 6. b3 c5 7. O-O Nc6 8. cxd5 Nxd5 9. Bb2 cxd4 10. Nxd4 Nxd4 11. Bxd4 b6 12. Nd2 Bb7 13. Nc4 Rc8 14. Rc1 Qd7 15. e3 Rfd8 16. Qg4 Nf6 17. Bxf6 Bxf6 18. Rcd1 Bd5 19.
e4 Bxc4 20. Rxd7 Rxd7 21. bxc4 Rxc4 22. Rd1 Rdc7 23. Bf1 Rd4 24. Rxd4 Bxd4 25. Qd1 e5 26.
Kg2 g6 27. h4 Kg7 28. Bd3 Rc3 29.
Qe2 Rc6 30. Qd2 Rf6 31. f4 Rc6 32. f5 h6 33. Qe2 Rc3 34. Qf3 h5 35. Qd1 Rc6 36. Kh3 Rc3 37. Qd2 Ra3 38. fxg6 fxg6 39. Bc4 Rf3 40. Kg2 Re3 41.
Bd5 Rc3 42. Qg5 Rc2+ 43. Kf1 Rf2+ 44. Ke1 Rf6 45. a4 a6 46. Bc4 a5 47. Kd1 Bc3 48. g4 hxg4 49. Qxg4 Bd4 50. h5 Kh6 51. hxg6 Rxg6 52. Qh4+ Kg7 53. Qe7+ Kh6 54. Be6 Bc5 55. Qh4+ Kg7 56. Bf5 Rg1+ 57. Kc2 Bd4 58. Qe7+ Kh6 59. Qf6+ Kh5 60. Qh8+ Kg5 61. Kd3 Kf4 62. Qh2+ Kg5 63. Kc4 Rc1+ 64. Kd5 Rg1 65. Ke6 Ra1 66. Qg3+ Kh5 67. Qg4+ 1-0

[Event "Grandmaster Triathlon - Blitz (GM1)"]
[Site "Biel, Switzerland"]
[Date "2026.07.19"]
[Round "7.2"]
[White "Suleymanli, Aydin"]
[Black "Erdogmus, Yagiz Kaan"]
[Result "0-1"]
[TimeControl "3 min + 2 sec"]
[WhiteTitle "-"]
[BlackTitle "-"]
[WhiteFideId "13413937"]
[BlackFideId "44599790"]
[WhiteElo "2559"]
[BlackElo "2546"]

1. d4 d6 2. Nf3 Nf6 3. c4 g6 4.
Nc3 Bg7 5. g3 O-O 6. Bg2 Nc6 7. O-O e5 8. dxe5 dxe5 9. Bg5 Be6 10. Qa4 Qc8 11. Bxf6 Bxf6 12. Nd5 Bd8 13. Rfd1 e4 14. Nd2 f5 15. Nb3 Ne5 16. Qb4 Re8 17. Rac1 c6 18. Nf4 Bf7 19. h4 a5 20. Qc3 Bf6 21. Qc2 Nxc4 22. Nc5 Re7 23. e3 Nxb2 24. Rd6 Be5 25. Rd4 Bxd4 26. exd4 Nc4 27. Na4 Qd8 28. Qc3 b5 29. Nc5 Qd6 30. Bf1 e3 31. f3 Nd2 32. Be2 b4 33. Qb2 Rd8 34. d5 cxd5 35. Qd4 Qe5 36. Qd3 d4 37. Rc2 Rc7 38. Nce6 Rxc2 39. Nxd8 Rc1+ 40. Kg2 Bc4 0-1